Senators vs Gangsters
Created - December 1, 2018 at 20:46
Goals
|
Senators |
0 |
1 |
2 |
3 |
Gangsters |
4 |
0 |
1 |
5 |
|
Shots
|
Senators |
8 |
4 |
12 |
24 |
Gangsters |
13 |
6 |
13 |
32 |
|
1st period
1. Gangsters , Alexander Wennberg 12 (Derrick Pouliot 3) at 10:17
2. Gangsters , Alexander Wennberg 13 (Patrik Nemeth 8, Phillip Danault 4) at 16:13
3. Gangsters , Devante Smith-Pelly 11 (Dave Dziurzynski 15, Maxime Sauvé 16) at 16:31 (PP)
4. Gangsters , Maxime Sauvé 11 (Devante Smith-Pelly 13, Dave Dziurzynski 16) at 16:47
Penalties :
Brett Ponich (Bro) for Roughing (Minor) at 3:47, Brett Ponich (Bro) for Interference (Minor) at 12:37, Tommy Wingels (BIN) for Hooking (Minor) at 16:26
2nd period
5. Senators , Johannes Salmonsson 6 (Mason Geertsen 2) at 5:01
Penalties :
Gabriel Bourque (BIN) for Hooking (Minor) at 0:54
3rd period
6. Senators , Matt Frattin 11 (Stephane Da Costa 21, Dylan Blujus 2) at 5:35
7. Gangsters , Phillip Danault 9 (Alexander Wennberg 16) at 9:30
8. Senators , Stephane Da Costa 13 (Keegan Lowe 1, Gabriel Bourque 21) at 15:25
Penalties :
Stephane Da Costa (BIN) for Hooking (Minor) at 12:12
Goalie Stats
Ben Bishop (BIN), 7 saves from 11 shots - (0.636), L, 4-6-0, 16:47 minutes
Brad Thiessen (BIN), 20 saves from 21 shots - (0.952), 43:13 minutes
Dustin Tokarski (Bro), 21 saves from 24 shots - (0.875), W, 7-10-1, 60:00 minutes
Players Stats for Senators
Player Name G A P +/- PIM S H SB GA TA FO MP PP MP PK MP
------------------------------------------------------------------------------------
Andy Andreoff 0 0 0 0 0 0 1 1 0 0 0/1 10:37 0:00 1:29
Arturs Kulda 0 0 0 0 0 0 1 3 1 0 0/0 29:43 2:45 2:36
Blake Coleman 0 0 0 0 0 0 0 0 0 0 0/2 1:51 0:00 1:39
Brett Bulmer 0 0 0 0 0 0 0 0 0 0 0/0 0:46 0:00 0:00
Chandler Stephenson 0 0 0 0 0 2 0 0 0 0 0/3 8:54 0:00 0:21
Dylan Blujus 0 1 1 0 0 1 1 1 0 1 0/0 26:31 1:43 1:27
Gabriel Bourque 0 1 1 0 2 6 5 0 0 0 2/3 22:02 2:08 1:12
Grant Besse 0 0 0 0 0 2 1 0 0 0 0/0 9:04 0:00 0:00
Johannes Salmonsson 1 0 1 1 0 2 1 1 1 0 0/0 13:27 0:00 0:40
Keegan Lowe 0 1 1 -1 0 1 6 0 0 3 0/0 26:41 1:13 2:24
Mason Geertsen 0 1 1 -1 0 1 2 1 0 0 0/0 24:47 0:51 1:39
Matt Frattin 1 0 1 0 0 1 1 0 0 0 0/0 20:39 2:08 0:00
Nick Foligno 0 0 0 -2 0 2 2 1 1 0 0/0 15:23 1:50 0:05
Olli Maatta 0 0 0 0 0 0 0 0 0 0 0/0 3:37 1:24 0:00
Phil Di Giuseppe 0 0 0 0 0 0 0 0 0 0 0/0 2:35 0:00 0:00
Sebastian Wannstrom 0 0 0 1 0 3 4 0 0 0 3/3 12:00 0:00 0:00
Stephane Da Costa 1 1 2 0 2 3 2 0 0 1 13/30 22:28 2:08 1:13
Tomas Jurco 0 0 0 -2 0 0 2 0 0 1 1/1 15:33 1:50 0:00
Tommy Wingels 0 0 0 -2 2 0 0 2 0 1 8/15 15:17 1:50 0:00
Zemgus Girgensons 0 0 0 1 0 0 2 0 0 0 1/6 13:59 0:00 1:27
Players Stats for Gangsters
Player Name G A P +/- PIM S H SB GA TA FO MP PP MP PK MP
------------------------------------------------------------------------------------
Alexander Wennberg 2 1 3 3 0 3 1 0 0 0 4/7 14:49 1:46 0:00
Austen Brassard 0 0 0 -2 0 0 0 2 0 0 0/0 7:29 0:00 0:00
Brett Ponich 0 0 0 -1 4 0 2 0 0 0 0/0 20:47 1:33 0:00
Dave Dziurzynski 0 2 2 1 0 2 3 0 1 0 2/5 18:43 2:17 1:20
David Pope 0 0 0 -1 0 2 4 0 0 0 0/0 16:39 0:00 0:00
Derrick Pouliot 0 1 1 0 0 1 2 1 0 0 0/0 17:34 0:07 1:42
Devante Smith-Pelly 1 1 2 1 0 3 3 2 1 0 1/2 18:40 2:17 1:20
Jonas Brodin 0 0 0 1 0 3 2 0 0 1 0/0 20:10 1:16 0:10
Kevin Roy 0 0 0 0 0 0 0 0 0 0 0/0 3:10 0:00 0:00
Matt Delahey 0 0 0 2 0 3 6 0 0 0 0/0 24:35 2:48 2:06
Maxime Sauvé 1 1 2 -1 0 5 4 0 2 0 17/29 23:57 2:17 2:03
Morgan Ellis 0 0 0 -2 0 1 2 0 1 0 0/0 21:44 1:08 1:42
Patrik Nemeth 0 1 1 2 0 1 2 0 1 1 0/0 11:16 1:14 2:16
Phillip Danault 1 1 2 3 0 1 0 0 0 0 0/0 13:33 0:00 0:35
Sebastian Collberg 0 0 0 3 0 1 0 0 0 0 0/0 12:46 0:00 0:00
Seth Griffith 0 0 0 -2 0 0 1 0 0 0 1/2 8:41 0:00 0:35
Stefan Noesen 0 0 0 -1 0 5 1 0 0 1 0/1 18:25 1:46 0:00
Tomas Hertl 0 0 0 -1 0 1 4 1 1 0 11/18 20:36 1:46 2:03
3 Stars
1 - Alexander Wennberg (Bro)
2 - Phillip Danault (Bro)
3 - Devante Smith-Pelly (Bro)
Power Play
Senators - 0 on 2 Attempt(s) - 0.00%
Gangsters - 1 on 3 Attempt(s) - 33.33%
Penalty Kill
Senators - 2 on 3 Attempt(s) - 66.67%
- Score 0 goal in Penalty Kill
Gangsters - 2 on 2 Attempt(s) - 100.00%
- Score 0 goal in Penalty Kill
Team Stat
Senators - Hits : 31 - Faceoff Wins : 28 - Blocked Shots : 10 - Penalty Minutes : 6
Gangsters - Hits : 37 - Faceoff Wins : 36 - Blocked Shots : 6 - Penalty Minutes : 4
Official
Referees : Unknown
Linesman : Unknown
Game Notes
Olli Maatta is injured at 6:42 of 1st period (Torso)
Brad Thiessen enters game at 16:47 of 1st period
Patrik Nemeth is injured at 2:49 of 2nd period (Sprained Left Ankle)
Finance
Level 1 -- Attendance: 1372 (68.60%) -- Ticket Income $54,880
Level 2 -- Attendance: 703 (70.30%) -- Ticket Income $14,060
Total Attendance: 2075 (69.17%)
Total Ticket Income: $68,940
Other Income: $3,447
Total Income: $72,387
Senators
5 vs 5 Forward
Center Left Wing Right Wing Time % Phy DF OF
1 Stephane Da Costa Gabriel Bourque Matt Frattin 40 1 2 2
2 Tommy Wingels Nick Foligno Tomas Jurco 30 1 2 2
3 Zemgus Girgensons Johannes Salmonsson Sebastian Wannstrom 20 1 2 2
4 Chandler Stephenson Andy Andreoff Grant Besse 10 1 2 2
5 vs 5 Defense
Defense Defense Time % Phy DF OF
1 Arturs Kulda Olli Maatta 40 1 2 2
2 Dylan Blujus Keegan Lowe 30 1 2 2
3 Mason Geertsen Arturs Kulda 20 1 2 2
4 Olli Maatta Dylan Blujus 10 1 2 2
PowerPlay Forward
Center Left Wing Right Wing Time % Phy DF OF
1 Stephane Da Costa Gabriel Bourque Matt Frattin 60 1 2 2
2 Tommy Wingels Nick Foligno Tomas Jurco 40 1 2 2
PowerPlay Defense
Defense Defense Time % Phy DF OF
1 Arturs Kulda Olli Maatta 60 1 2 2
2 Dylan Blujus Keegan Lowe 40 1 2 2
Penalty Kill 4 Players Forward
Center Wing Time % Phy DF OF
1 Gabriel Bourque Stephane Da Costa 60 1 2 2
2 Nick Foligno Johannes Salmonsson 40 1 2 2
Penalty Kill 4 Players Defense
Defense Defense Time % Phy DF OF
1 Arturs Kulda Olli Maatta 60 1 2 2
2 Dylan Blujus Keegan Lowe 40 1 2 2
Penalty Kill - 3 Players Forward
Forward Time % Phy DF OF
1 Gabriel Bourque 60 1 2 2
2 Stephane Da Costa 40 1 2 2
Penalty Kill - 3 Players Defense
Defense Defense Time % Phy DF OF
1 Arturs Kulda Olli Maatta 60 1 2 2
2 Dylan Blujus Keegan Lowe 40 1 2 2
4 vs 4 Forward
Center Wing Time % Phy DF OF
1 Gabriel Bourque Stephane Da Costa 60 1 2 2
2 Nick Foligno Johannes Salmonsson 40 1 2 2
4 vs 4 Defense
Defense Defense Time % Phy DF OF
1 Arturs Kulda Olli Maatta 60 1 2 2
2 Dylan Blujus Keegan Lowe 40 1 2 2
Last Minutes Offensive
Center Left Wing Right Wing Defense Defense
Stephane Da Costa Gabriel Bourque Matt Frattin Arturs Kulda Olli Maatta
Last Minutes Defensive
Center Left Wing Right Wing Defense Defense
Stephane Da Costa Gabriel Bourque Matt Frattin Arturs Kulda Olli Maatta
Goaltenders
Starting : Ben Bishop
Backup : Brad Thiessen
Extra Forwards
Normal : Phil Di Giuseppe, Brett Bulmer, Blake Coleman - PP : Phil Di Giuseppe, Brett Bulmer - PK : Blake Coleman
Extra Defensemen
Normal : Mason Geertsen, Keegan Lowe, Arturs Kulda - PP : Mason Geertsen - PK : Keegan Lowe, Arturs Kulda
Penalty Shots
Gabriel Bourque, Stephane Da Costa, Nick Foligno, Johannes Salmonsson, Matt Frattin
Scratches
Ian Cole (Healthy), Samuel Morin (Healthy)
Gangsters
5 vs 5 Forward
Center Left Wing Right Wing Time % Phy DF OF
1 Maxime Sauvé Dave Dziurzynski Devante Smith-Pelly 40 1 2 2
2 Tomas Hertl David Pope Stefan Noesen 30 1 2 2
3 Alexander Wennberg Phillip Danault Sebastian Collberg 20 1 2 2
4 Seth Griffith Maxime Sauvé Austen Brassard 10 1 2 2
5 vs 5 Defense
Defense Defense Time % Phy DF OF
1 Patrik Nemeth Matt Delahey 40 1 2 2
2 Morgan Ellis Brett Ponich 30 1 2 2
3 Jonas Brodin Derrick Pouliot 20 1 2 2
4 Patrik Nemeth Matt Delahey 10 1 2 2
PowerPlay Forward
Center Left Wing Right Wing Time % Phy DF OF
1 Maxime Sauvé Dave Dziurzynski Devante Smith-Pelly 60 1 2 2
2 Tomas Hertl Alexander Wennberg Stefan Noesen 40 1 2 2
PowerPlay Defense
Defense Defense Time % Phy DF OF
1 Patrik Nemeth Matt Delahey 60 1 2 2
2 Morgan Ellis Brett Ponich 40 1 2 2
Penalty Kill 4 Players Forward
Center Wing Time % Phy DF OF
1 Maxime Sauvé Tomas Hertl 60 1 2 2
2 Dave Dziurzynski Devante Smith-Pelly 40 1 2 2
Penalty Kill 4 Players Defense
Defense Defense Time % Phy DF OF
1 Patrik Nemeth Matt Delahey 60 1 2 2
2 Morgan Ellis Brett Ponich 40 1 2 2
Penalty Kill - 3 Players Forward
Forward Time % Phy DF OF
1 Maxime Sauvé 60 1 2 2
2 Tomas Hertl 40 1 2 2
Penalty Kill - 3 Players Defense
Defense Defense Time % Phy DF OF
1 Patrik Nemeth Matt Delahey 60 1 2 2
2 Morgan Ellis Brett Ponich 40 1 2 2
4 vs 4 Forward
Center Wing Time % Phy DF OF
1 Maxime Sauvé Tomas Hertl 60 1 2 2
2 Dave Dziurzynski Devante Smith-Pelly 40 1 2 2
4 vs 4 Defense
Defense Defense Time % Phy DF OF
1 Patrik Nemeth Matt Delahey 60 1 2 2
2 Morgan Ellis Brett Ponich 40 1 2 2
Last Minutes Offensive
Center Left Wing Right Wing Defense Defense
Maxime Sauvé Dave Dziurzynski Devante Smith-Pelly Patrik Nemeth Alexander Wennberg
Last Minutes Defensive
Center Left Wing Right Wing Defense Defense
Maxime Sauvé Dave Dziurzynski Devante Smith-Pelly Patrik Nemeth Matt Delahey
Goaltenders
Starting : Dustin Tokarski
Backup : Mike Condon
Extra Forwards
Normal : Kevin Roy, Alexander Wennberg, Seth Griffith - PP : Kevin Roy, Alexander Wennberg - PK : Seth Griffith
Extra Defensemen
Normal : Jonas Brodin, Derrick Pouliot, Morgan Ellis - PP : Jonas Brodin - PK : Derrick Pouliot, Morgan Ellis
Penalty Shots
Maxime Sauvé, Tomas Hertl, Dave Dziurzynski, Devante Smith-Pelly, Alexander Wennberg
Scratches
Jordan Subban (Healthy), Ryan Culkin (Healthy), Steven Santini (Healthy), Jordan Binnington (Healthy)
% Time on Ice - Senators
Lines # - Real PCT - Wanted PCT - Time Play
Normal Forward
1 - 37% - 40% - 19:12
2 - 26% - 30% - 13:28
3 - 23% - 20% - 12:00
4 - 14% - 10% - 7:19
Normal Defense
1 - 43% - 40% - 22:14
2 - 26% - 30% - 13:23
3 - 15% - 20% - 7:58
4 - 16% - 10% - 8:24
PP Forward
1 - 54% - 60% - 2:08
2 - 46% - 40% - 1:50
PP Defense
1 - 69% - 60% - 2:45
2 - 31% - 40% - 1:13
PK Forward
1 - 98% - 60% - 3:58
2 - 2% - 40% - 0:05
PK Defense
1 - 80% - 60% - 3:15
2 - 20% - 40% - 0:48
PK3 Forward
1 - 0% - 60%
2 - 0% - 40%
PK3 Defense
1 - 0% - 60%
2 - 0% - 40%
44 Forward
1 - 0% - 60%
2 - 0% - 40%
44 Defense
1 - 0% - 60%
2 - 0% - 40%
Last Minute Offensive - 0:00
Last Minute Defensive - 0:00
Total
Forward - 60:00
Defense - 60:00
|
% Time on Ice - Gangsters
Lines # - Real PCT - Wanted PCT - Time Play
Normal Forward
1 - 34% - 40% - 17:43
2 - 31% - 30% - 16:09
3 - 24% - 20% - 12:25
4 - 11% - 10% - 5:42
Normal Defense
1 - 41% - 40% - 21:32
2 - 31% - 30% - 16:11
3 - 18% - 20% - 9:29
4 - 9% - 10% - 4:47
PP Forward
1 - 56% - 60% - 2:17
2 - 44% - 40% - 1:46
PP Defense
1 - 72% - 60% - 2:55
2 - 28% - 40% - 1:08
PK Forward
1 - 66% - 60% - 2:38
2 - 34% - 40% - 1:20
PK Defense
1 - 53% - 60% - 2:06
2 - 47% - 40% - 1:52
PK3 Forward
1 - 0% - 60%
2 - 0% - 40%
PK3 Defense
1 - 0% - 60%
2 - 0% - 40%
44 Forward
1 - 0% - 60%
2 - 0% - 40%
44 Defense
1 - 0% - 60%
2 - 0% - 40%
Last Minute Offensive - 0:00
Last Minute Defensive - 0:00
Total
Forward - 60:00
Defense - 60:00
|
Play by Play
1st period
0:01 of 1st period - Maxime Sauvé wins face-off versus Stephane Da Costa in neutral zone.
0:22 of 1st period - Stephane Da Costa is hit by Devante Smith-Pelly and loses puck.
1:09 of 1st period - Wrist shot by Gabriel Bourque.
1:09 of 1st period - Shot Blocked by Devante Smith-Pelly.
1:11 of 1st period - Wrist shot by Stephane Da Costa.
1:11 of 1st period - Stopped by Dustin Tokarski with a rebound.
1:17 of 1st period - Slapshot by Gabriel Bourque.
1:17 of 1st period - Deflect By Stephane Da Costa.
1:17 of 1st period - Shot Misses the Net.
1:17 of 1st period - Puck is out of play.
1:18 of 1st period - Tomas Hertl wins face-off versus Tommy Wingels in Gangsters zone.
1:43 of 1st period - Morgan Ellis is hit by Keegan Lowe and loses puck.
2:14 of 1st period - Tomas Hertl is hit by Grant Besse and loses puck.
2:42 of 1st period - Mason Geertsen is hit by Patrik Nemeth and loses puck.
3:05 of 1st period - Icing by Grant Besse.
3:06 of 1st period - Alexander Wennberg wins face-off versus Chandler Stephenson in Senators zone.
3:29 of 1st period - Jonas Brodin is hit by Tomas Jurco.
3:32 of 1st period - Off-side.
3:33 of 1st period - Maxime Sauvé wins face-off versus Stephane Da Costa in neutral zone.
3:47 of 1st period - Minor Penalty to Brett Ponich for Roughing.
3:48 of 1st period - Maxime Sauvé wins face-off versus Stephane Da Costa in Gangsters zone.
4:38 of 1st period - Snap shot by Gabriel Bourque.
4:38 of 1st period - Stopped by Dustin Tokarski without a rebound.
4:39 of 1st period - Maxime Sauvé wins face-off versus Stephane Da Costa in Gangsters zone.
5:47 of 1st period - Penalty to Brett Ponich is over, Brett Ponich is back on ice.
6:16 of 1st period - Icing by Keegan Lowe.
6:17 of 1st period - Tomas Hertl wins face-off versus Chandler Stephenson in Senators zone.
6:22 of 1st period - Backhand shot by David Pope.
6:22 of 1st period - Stopped by Ben Bishop without a rebound.
6:23 of 1st period - Maxime Sauvé wins face-off versus Tommy Wingels in Senators zone.
6:24 of 1st period - Snap shot by Devante Smith-Pelly.
6:24 of 1st period - Stopped by Ben Bishop with a rebound.
6:26 of 1st period - Slapshot by Patrik Nemeth.
6:26 of 1st period - Shot Blocked by Arturs Kulda.
6:28 of 1st period - Backhand shot by Patrik Nemeth.
6:28 of 1st period - Deflect By Maxime Sauvé.
6:28 of 1st period - Shot Blocked by Arturs Kulda.
6:28 of 1st period - Puck is out of play.
6:29 of 1st period - Tommy Wingels wins face-off versus Maxime Sauvé in Senators zone.
6:29 of 1st period - Tommy Wingels is hit by Maxime Sauvé.
6:41 of 1st period - Olli Maatta is hit by Dave Dziurzynski and loses puck.
6:42 of 1st period - Olli Maatta from Senators is injured at 6:42 of 1st period (Torso).
6:43 of 1st period - Tomas Hertl wins face-off versus Stephane Da Costa in Senators zone.
6:53 of 1st period - Icing by Patrik Nemeth.
6:54 of 1st period - Tomas Hertl wins face-off versus Stephane Da Costa in Gangsters zone.
6:59 of 1st period - Wrist shot by Stefan Noesen.
6:59 of 1st period - Shot Misses the Net.
7:01 of 1st period - Slapshot by Matt Delahey.
7:01 of 1st period - Stopped by Ben Bishop with a rebound.
7:03 of 1st period - Slapshot by Patrik Nemeth.
7:03 of 1st period - Deflect By Gabriel Bourque.
7:03 of 1st period - Stopped by Ben Bishop with a rebound.
7:05 of 1st period - Backhand shot by Stefan Noesen.
7:05 of 1st period - Stopped by Ben Bishop without a rebound.
7:06 of 1st period - Maxime Sauvé wins face-off versus Tommy Wingels in Senators zone.
7:11 of 1st period - Snap shot by Dave Dziurzynski.
7:11 of 1st period - Shot Misses the Net.
7:15 of 1st period - Snap shot by Maxime Sauvé.
7:15 of 1st period - Shot Misses the Net.
8:38 of 1st period - Keegan Lowe is hit by Jonas Brodin and loses puck.
8:53 of 1st period - Wrist shot by Sebastian Collberg.
8:53 of 1st period - Stopped by Ben Bishop without a rebound.
8:54 of 1st period - Stephane Da Costa wins face-off versus Alexander Wennberg in Senators zone.
9:05 of 1st period - Patrik Nemeth is hit by Stephane Da Costa and loses puck.
9:22 of 1st period - Patrik Nemeth is hit by Keegan Lowe and loses puck.
10:17 of 1st period - Snap shot by Alexander Wennberg.
10:17 of 1st period - Goal by Alexander Wennberg - Senators : 0 - Gangsters : 1.
10:18 of 1st period - Tommy Wingels wins face-off versus Dave Dziurzynski in neutral zone.
10:47 of 1st period - Wrist shot by Tomas Hertl.
10:47 of 1st period - Shot Blocked by Nick Foligno.
11:34 of 1st period - Wrist shot by Sebastian Wannstrom.
11:34 of 1st period - Shot Blocked by Tomas Hertl.
11:36 of 1st period - Slapshot by Arturs Kulda.
11:36 of 1st period - Shot Misses the Net.
11:45 of 1st period - Off-side.
11:46 of 1st period - Maxime Sauvé wins face-off versus Andy Andreoff in neutral zone.
11:53 of 1st period - Snap shot by Maxime Sauvé.
11:53 of 1st period - Stopped by Ben Bishop with a rebound.
11:55 of 1st period - Slapshot by Dave Dziurzynski.
11:55 of 1st period - Shot Blocked by Dylan Blujus.
12:14 of 1st period - Off-side.
12:15 of 1st period - Stephane Da Costa wins face-off versus Tomas Hertl in neutral zone.
12:23 of 1st period - Slapshot by Gabriel Bourque.
12:23 of 1st period - Stopped by Dustin Tokarski with a rebound.
12:25 of 1st period - Wrist shot by Gabriel Bourque.
12:25 of 1st period - Stopped by Dustin Tokarski with a rebound.
12:27 of 1st period - Snap shot by Matt Frattin.
12:27 of 1st period - Shot Misses the Net.
12:37 of 1st period - Minor Penalty to Brett Ponich for Interference.
12:38 of 1st period - Stephane Da Costa wins face-off versus Maxime Sauvé in Gangsters zone.
12:53 of 1st period - Matt Delahey is hit by Stephane Da Costa and loses puck.
13:24 of 1st period - Dylan Blujus is hit by Patrik Nemeth and loses puck.
14:37 of 1st period - Penalty to Brett Ponich is over, Brett Ponich is back on ice.
14:47 of 1st period - Keegan Lowe is hit by Morgan Ellis and loses puck.
15:10 of 1st period - Off-side.
15:11 of 1st period - Tomas Hertl wins face-off versus Chandler Stephenson in neutral zone.
15:22 of 1st period - Tomas Hertl is hit by Andy Andreoff and loses puck.
15:31 of 1st period - Wrist shot by Grant Besse.
15:31 of 1st period - Stopped by Dustin Tokarski with a rebound.
15:33 of 1st period - Snap shot by Chandler Stephenson.
15:33 of 1st period - Stopped by Dustin Tokarski without a rebound.
15:34 of 1st period - Stephane Da Costa wins face-off versus Maxime Sauvé in Gangsters zone.
15:35 of 1st period - Snap shot by Gabriel Bourque.
15:35 of 1st period - Shot Misses the Net.
15:38 of 1st period - Icing by Maxime Sauvé.
15:39 of 1st period - Maxime Sauvé wins face-off versus Stephane Da Costa in Gangsters zone.
15:39 of 1st period - Maxime Sauvé is hit by Gabriel Bourque.
16:13 of 1st period - Wrist shot by Alexander Wennberg.
16:13 of 1st period - Goal by Alexander Wennberg - Senators : 0 - Gangsters : 2.
16:14 of 1st period - Tomas Jurco wins face-off versus Dave Dziurzynski in neutral zone.
16:21 of 1st period - Slapshot by Nick Foligno.
16:21 of 1st period - Shot Misses the Net.
16:26 of 1st period - Minor Penalty to Tommy Wingels for Hooking.
16:27 of 1st period - Maxime Sauvé wins face-off versus Gabriel Bourque in Senators zone.
16:27 of 1st period - Snap shot by Devante Smith-Pelly.
16:27 of 1st period - Shot Misses the Net.
16:31 of 1st period - Snap shot by Devante Smith-Pelly.
16:31 of 1st period - Goal by Devante Smith-Pelly - Senators : 0 - Gangsters : 3.
16:32 of 1st period - Maxime Sauvé wins face-off versus Tommy Wingels in neutral zone.
16:35 of 1st period - Snap shot by Dave Dziurzynski.
16:35 of 1st period - Shot Blocked by Tommy Wingels.
16:37 of 1st period - Wrist shot by Devante Smith-Pelly.
16:37 of 1st period - Shot Misses the Net.
16:47 of 1st period - Slapshot by Maxime Sauvé.
16:47 of 1st period - Goal by Maxime Sauvé - Senators : 0 - Gangsters : 4.
16:47 of 1st period - Brad Thiessen enters game.
16:48 of 1st period - Dave Dziurzynski wins face-off versus Stephane Da Costa in neutral zone.
18:15 of 1st period - Slapshot by Grant Besse.
18:15 of 1st period - Stopped by Dustin Tokarski with a rebound.
18:40 of 1st period - Icing by Johannes Salmonsson.
18:41 of 1st period - Sebastian Wannstrom wins face-off versus Tomas Hertl in Senators zone.
18:51 of 1st period - Slapshot by Matt Delahey.
18:51 of 1st period - Shot Blocked by Johannes Salmonsson.
19:07 of 1st period - Snap shot by Stephane Da Costa.
19:07 of 1st period - Stopped by Dustin Tokarski without a rebound.
19:08 of 1st period - Stephane Da Costa wins face-off versus Maxime Sauvé in Gangsters zone.
19:17 of 1st period - Slapshot by Morgan Ellis.
19:17 of 1st period - Stopped by Brad Thiessen without a rebound.
19:18 of 1st period - Maxime Sauvé wins face-off versus Tommy Wingels in Senators zone.
19:44 of 1st period - Icing by Gabriel Bourque.
19:45 of 1st period - Stephane Da Costa wins face-off versus Stefan Noesen in Senators zone.
19:56 of 1st period - Snap shot by Tomas Hertl.
19:56 of 1st period - Shot Hit the Post.
19:58 of 1st period - Snap shot by Tomas Hertl.
19:58 of 1st period - Stopped by Brad Thiessen with a rebound.
Goals for this period are 0 for Senators vs 4 for Gangsters.
Shots for this period are 8 for Senators vs 13 for Gangsters.
2nd period
0:01 of 2nd period - Tommy Wingels wins face-off versus Maxime Sauvé in neutral zone.
0:13 of 2nd period - Patrik Nemeth is hit by Mason Geertsen and loses puck.
0:26 of 2nd period - Matt Frattin is hit by Tomas Hertl and loses puck.
0:33 of 2nd period - Snap shot by Stefan Noesen.
0:33 of 2nd period - Stopped by Brad Thiessen without a rebound.
0:34 of 2nd period - Tomas Hertl wins face-off versus Stephane Da Costa in Senators zone.
0:35 of 2nd period - Snap shot by Stefan Noesen.
0:35 of 2nd period - Stopped by Brad Thiessen without a rebound.
0:36 of 2nd period - Stephane Da Costa wins face-off versus Tomas Hertl in Senators zone.
0:54 of 2nd period - Minor Penalty to Gabriel Bourque for Hooking.
0:55 of 2nd period - Maxime Sauvé wins face-off versus Blake Coleman in Senators zone.
2:48 of 2nd period - Patrik Nemeth is hit by Nick Foligno.
2:49 of 2nd period - Patrik Nemeth from Gangsters is injured at 2:49 of 2nd period (Sprained Left Ankle).
2:50 of 2nd period - Dave Dziurzynski wins face-off versus Blake Coleman in Gangsters zone.
2:54 of 2nd period - Penalty to Gabriel Bourque is over, Gabriel Bourque is back on ice.
3:01 of 2nd period - Backhand shot by Dave Dziurzynski.
3:01 of 2nd period - Stopped by Brad Thiessen with a rebound.
3:03 of 2nd period - Wrist shot by Devante Smith-Pelly.
3:03 of 2nd period - Deflect By Maxime Sauvé.
3:03 of 2nd period - Stopped by Brad Thiessen with a rebound.
3:05 of 2nd period - Slapshot by Maxime Sauvé.
3:05 of 2nd period - Stopped by Brad Thiessen without a rebound.
3:06 of 2nd period - Tommy Wingels wins face-off versus Tomas Hertl in Senators zone.
3:17 of 2nd period - Tomas Jurco is hit by Tomas Hertl and loses puck.
3:32 of 2nd period - Mason Geertsen is hit by Dave Dziurzynski and loses puck.
3:51 of 2nd period - Wrist shot by Alexander Wennberg.
3:51 of 2nd period - Deflect By Johannes Salmonsson.
3:51 of 2nd period - Shot Blocked by Mason Geertsen.
3:51 of 2nd period - Puck is out of play.
3:52 of 2nd period - Zemgus Girgensons wins face-off versus Alexander Wennberg in Senators zone.
4:04 of 2nd period - Snap shot by Johannes Salmonsson.
4:04 of 2nd period - Shot Misses the Net.
4:06 of 2nd period - Slapshot by Keegan Lowe.
4:06 of 2nd period - Shot Misses the Net.
4:08 of 2nd period - Slapshot by Dylan Blujus.
4:08 of 2nd period - Stopped by Dustin Tokarski with a rebound.
4:18 of 2nd period - Nick Foligno is hit by Matt Delahey and loses puck.
4:27 of 2nd period - Slapshot by Devante Smith-Pelly.
4:27 of 2nd period - Stopped by Brad Thiessen with a rebound.
5:01 of 2nd period - Wrist shot by Johannes Salmonsson.
5:01 of 2nd period - Goal by Johannes Salmonsson - Senators : 1 - Gangsters : 4.
5:02 of 2nd period - Tommy Wingels wins face-off versus Maxime Sauvé in neutral zone.
5:09 of 2nd period - Backhand shot by Tomas Jurco.
5:09 of 2nd period - Shot Misses the Net.
5:29 of 2nd period - Stephane Da Costa is hit by David Pope and loses puck.
6:42 of 2nd period - Matt Delahey is hit by Gabriel Bourque and loses puck.
7:02 of 2nd period - Stefan Noesen is hit by Arturs Kulda.
7:06 of 2nd period - Tomas Hertl is hit by Sebastian Wannstrom and loses puck.
7:13 of 2nd period - Andy Andreoff is hit by Matt Delahey and loses puck.
7:27 of 2nd period - Sebastian Wannstrom is hit by Derrick Pouliot and loses puck.
7:32 of 2nd period - Snap shot by Stefan Noesen.
7:32 of 2nd period - Shot Blocked by Andy Andreoff.
7:44 of 2nd period - Johannes Salmonsson is hit by Tomas Hertl.
7:48 of 2nd period - Matt Delahey is hit by Dylan Blujus and loses puck.
7:55 of 2nd period - David Pope is hit by Sebastian Wannstrom and loses puck.
8:04 of 2nd period - Johannes Salmonsson is hit by David Pope and loses puck.
8:27 of 2nd period - Wrist shot by Sebastian Wannstrom.
8:27 of 2nd period - Stopped by Dustin Tokarski with a rebound.
8:29 of 2nd period - Slapshot by Keegan Lowe.
8:29 of 2nd period - Shot Misses the Net.
8:31 of 2nd period - Slapshot by Zemgus Girgensons.
8:31 of 2nd period - Shot Misses the Net.
8:55 of 2nd period - Snap shot by Johannes Salmonsson.
8:55 of 2nd period - Shot Misses the Net.
9:03 of 2nd period - Wrist shot by Sebastian Wannstrom.
9:03 of 2nd period - Deflect By Tomas Hertl.
9:03 of 2nd period - Stopped by Dustin Tokarski without a rebound.
9:04 of 2nd period - Stephane Da Costa wins face-off versus Maxime Sauvé in Gangsters zone.
9:19 of 2nd period - Dave Dziurzynski is hit by Mason Geertsen and loses puck.
9:30 of 2nd period - Nick Foligno is hit by Brett Ponich and loses puck.
10:48 of 2nd period - Devante Smith-Pelly is hit by Keegan Lowe and loses puck.
11:08 of 2nd period - Tomas Jurco is hit by Morgan Ellis and loses puck.
12:13 of 2nd period - Keegan Lowe is hit by Matt Delahey and loses puck.
12:30 of 2nd period - Keegan Lowe is hit by Matt Delahey and loses puck.
13:00 of 2nd period - Morgan Ellis is hit by Gabriel Bourque and loses puck.
13:21 of 2nd period - Alexander Wennberg is hit by Tomas Jurco and loses puck.
15:11 of 2nd period - Chandler Stephenson is hit by Dave Dziurzynski and loses puck.
16:52 of 2nd period - Alexander Wennberg is hit by Keegan Lowe and loses puck.
17:55 of 2nd period - Devante Smith-Pelly is hit by Zemgus Girgensons and loses puck.
19:11 of 2nd period - Icing by Nick Foligno.
19:12 of 2nd period - Alexander Wennberg wins face-off versus Zemgus Girgensons in Senators zone.
19:50 of 2nd period - Austen Brassard is hit by Keegan Lowe and loses puck.
Goals for this period are 1 for Senators vs 0 for Gangsters.
Shots for this period are 4 for Senators vs 6 for Gangsters.
3rd period
0:01 of 3rd period - Maxime Sauvé wins face-off versus Stephane Da Costa in neutral zone.
0:04 of 3rd period - Snap shot by Devante Smith-Pelly.
0:04 of 3rd period - Shot Misses the Net.
0:10 of 3rd period - Devante Smith-Pelly is hit by Gabriel Bourque and loses puck.
0:30 of 3rd period - Slapshot by Nick Foligno.
0:30 of 3rd period - Stopped by Dustin Tokarski without a rebound.
0:31 of 3rd period - Tommy Wingels wins face-off versus Tomas Hertl in Gangsters zone.
0:48 of 3rd period - Wrist shot by Tomas Hertl.
0:48 of 3rd period - Shot Blocked by Tommy Wingels.
0:50 of 3rd period - Wrist shot by Stefan Noesen.
0:50 of 3rd period - Stopped by Brad Thiessen without a rebound.
0:51 of 3rd period - Maxime Sauvé wins face-off versus Stephane Da Costa in Senators zone.
0:59 of 3rd period - Off-side.
1:00 of 3rd period - Maxime Sauvé wins face-off versus Stephane Da Costa in neutral zone.
1:16 of 3rd period - Off-side.
1:17 of 3rd period - Tommy Wingels wins face-off versus Tomas Hertl in neutral zone.
1:43 of 3rd period - Mason Geertsen is hit by Devante Smith-Pelly.
2:12 of 3rd period - Snap shot by Johannes Salmonsson.
2:12 of 3rd period - Stopped by Dustin Tokarski without a rebound.
2:13 of 3rd period - Tomas Hertl wins face-off versus Zemgus Girgensons in Gangsters zone.
2:18 of 3rd period - Snap shot by David Pope.
2:18 of 3rd period - Stopped by Brad Thiessen with a rebound.
2:20 of 3rd period - Slapshot by Brett Ponich.
2:20 of 3rd period - Shot Misses the Net.
2:22 of 3rd period - Slapshot by Stefan Noesen.
2:22 of 3rd period - Shot Misses the Net.
2:24 of 3rd period - Snap shot by Stefan Noesen.
2:24 of 3rd period - Shot Misses the Net.
2:40 of 3rd period - Keegan Lowe is hit by Devante Smith-Pelly and loses puck.
2:45 of 3rd period - Wrist shot by Maxime Sauvé.
2:45 of 3rd period - Shot Misses the Net.
2:47 of 3rd period - Slapshot by Derrick Pouliot.
2:47 of 3rd period - Stopped by Brad Thiessen without a rebound.
2:48 of 3rd period - Tomas Hertl wins face-off versus Stephane Da Costa in Senators zone.
2:55 of 3rd period - Wrist shot by Tomas Hertl.
2:55 of 3rd period - Shot Misses the Net.
3:21 of 3rd period - Tomas Jurco is hit by Derrick Pouliot.
4:13 of 3rd period - Andy Andreoff is hit by Tomas Hertl and loses puck.
4:40 of 3rd period - Tomas Jurco is hit by Alexander Wennberg.
4:49 of 3rd period - Wrist shot by Tomas Jurco.
4:49 of 3rd period - Deflect By Tommy Wingels.
4:49 of 3rd period - Shot Misses the Net.
4:49 of 3rd period - Puck is out of play.
4:50 of 3rd period - Stephane Da Costa wins face-off versus Tomas Hertl in Gangsters zone.
4:54 of 3rd period - Icing by Derrick Pouliot.
4:55 of 3rd period - Tomas Hertl wins face-off versus Stephane Da Costa in Gangsters zone.
5:12 of 3rd period - Stephane Da Costa is hit by David Pope and loses puck.
5:35 of 3rd period - Backhand shot by Stephane Da Costa.
5:35 of 3rd period - Deflect By Matt Frattin.
5:35 of 3rd period - Goal by Matt Frattin - Senators : 2 - Gangsters : 4.
5:36 of 3rd period - Tommy Wingels wins face-off versus Maxime Sauvé in neutral zone.
5:39 of 3rd period - Wrist shot by Nick Foligno.
5:39 of 3rd period - Stopped by Dustin Tokarski without a rebound.
5:40 of 3rd period - Maxime Sauvé wins face-off versus Tommy Wingels in Gangsters zone.
5:40 of 3rd period - Maxime Sauvé is hit by Nick Foligno.
6:32 of 3rd period - Slapshot by Arturs Kulda.
6:32 of 3rd period - Shot Blocked by Derrick Pouliot.
6:34 of 3rd period - Slapshot by Mason Geertsen.
6:34 of 3rd period - Stopped by Dustin Tokarski without a rebound.
6:35 of 3rd period - Stephane Da Costa wins face-off versus Devante Smith-Pelly in Gangsters zone.
6:44 of 3rd period - Wrist shot by Gabriel Bourque.
6:44 of 3rd period - Stopped by Dustin Tokarski with a rebound.
7:06 of 3rd period - Jonas Brodin is hit by Zemgus Girgensons and loses puck.
7:29 of 3rd period - Wrist shot by Sebastian Collberg.
7:29 of 3rd period - Shot Blocked by Arturs Kulda.
7:59 of 3rd period - Wrist shot by Tommy Wingels.
7:59 of 3rd period - Shot Blocked by Austen Brassard.
8:15 of 3rd period - Stefan Noesen is hit by Matt Frattin and loses puck.
8:22 of 3rd period - Matt Frattin is hit by Stefan Noesen and loses puck.
8:35 of 3rd period - Zemgus Girgensons is hit by Matt Delahey and loses puck.
9:02 of 3rd period - Dylan Blujus is hit by Matt Delahey and loses puck.
9:19 of 3rd period - Zemgus Girgensons is hit by Jonas Brodin and loses puck.
9:30 of 3rd period - Slapshot by Phillip Danault.
9:30 of 3rd period - Goal by Phillip Danault - Senators : 2 - Gangsters : 5.
9:31 of 3rd period - Maxime Sauvé wins face-off versus Stephane Da Costa in neutral zone.
9:46 of 3rd period - Snap shot by Gabriel Bourque.
9:46 of 3rd period - Shot Blocked by Devante Smith-Pelly.
10:19 of 3rd period - Icing by Phillip Danault.
10:20 of 3rd period - Sebastian Wannstrom wins face-off versus Alexander Wennberg in Gangsters zone.
10:25 of 3rd period - Slapshot by Sebastian Wannstrom.
10:25 of 3rd period - Stopped by Dustin Tokarski without a rebound.
10:26 of 3rd period - Stephane Da Costa wins face-off versus Dave Dziurzynski in Gangsters zone.
10:29 of 3rd period - Wrist shot by Gabriel Bourque.
10:29 of 3rd period - Stopped by Dustin Tokarski without a rebound.
10:30 of 3rd period - Stephane Da Costa wins face-off versus Maxime Sauvé in Gangsters zone.
11:15 of 3rd period - Stefan Noesen is hit by Sebastian Wannstrom and loses puck.
12:07 of 3rd period - Wrist shot by Maxime Sauvé.
12:07 of 3rd period - Stopped by Brad Thiessen with a rebound.
12:09 of 3rd period - Backhand shot by Dave Dziurzynski.
12:09 of 3rd period - Deflect By Devante Smith-Pelly.
12:09 of 3rd period - Shot Misses the Net.
12:09 of 3rd period - Puck is out of play.
12:10 of 3rd period - Stephane Da Costa wins face-off versus Maxime Sauvé in Senators zone.
12:12 of 3rd period - Minor Penalty to Stephane Da Costa for Hooking.
12:13 of 3rd period - Gabriel Bourque wins face-off versus Maxime Sauvé in Senators zone.
12:25 of 3rd period - Snap shot by Dave Dziurzynski.
12:25 of 3rd period - Stopped by Brad Thiessen without a rebound.
12:26 of 3rd period - Gabriel Bourque wins face-off versus Maxime Sauvé in Senators zone.
12:45 of 3rd period - Keegan Lowe is hit by Maxime Sauvé and loses puck.
13:34 of 3rd period - Dylan Blujus is hit by Brett Ponich and loses puck.
14:02 of 3rd period - Alexander Wennberg is hit by Johannes Salmonsson.
14:03 of 3rd period - Icing by Alexander Wennberg.
14:04 of 3rd period - Tomas Hertl wins face-off versus Zemgus Girgensons in Gangsters zone.
14:12 of 3rd period - Penalty to Stephane Da Costa is over, Stephane Da Costa is back on ice.
14:26 of 3rd period - Mason Geertsen is hit by Maxime Sauvé and loses puck.
14:55 of 3rd period - Grant Besse is hit by David Pope and loses puck.
15:02 of 3rd period - Slapshot by Arturs Kulda.
15:02 of 3rd period - Deflect By Chandler Stephenson.
15:02 of 3rd period - Stopped by Dustin Tokarski with a rebound.
15:14 of 3rd period - Brett Ponich is hit by Gabriel Bourque and loses puck.
15:19 of 3rd period - Wrist shot by Stephane Da Costa.
15:19 of 3rd period - Shot Blocked by Austen Brassard.
15:21 of 3rd period - Wrist shot by Gabriel Bourque.
15:21 of 3rd period - Stopped by Dustin Tokarski with a rebound.
15:23 of 3rd period - Slapshot by Keegan Lowe.
15:23 of 3rd period - Deflect By Maxime Sauvé.
15:23 of 3rd period - Stopped by Dustin Tokarski with a rebound.
15:25 of 3rd period - Slapshot by Stephane Da Costa.
15:25 of 3rd period - Goal by Stephane Da Costa - Senators : 3 - Gangsters : 5.
15:26 of 3rd period - Alexander Wennberg wins face-off versus Zemgus Girgensons in neutral zone.
15:29 of 3rd period - Snap shot by Jonas Brodin.
15:29 of 3rd period - Shot Misses the Net.
15:56 of 3rd period - Wrist shot by Stefan Noesen.
15:56 of 3rd period - Stopped by Brad Thiessen without a rebound.
15:57 of 3rd period - Tomas Hertl wins face-off versus Stephane Da Costa in Senators zone.
16:22 of 3rd period - Sebastian Wannstrom is hit by Seth Griffith and loses puck.
16:36 of 3rd period - Off-side.
16:37 of 3rd period - Alexander Wennberg wins face-off versus Tommy Wingels in neutral zone.
16:40 of 3rd period - Slapshot by Jonas Brodin.
16:40 of 3rd period - Stopped by Brad Thiessen with a rebound.
16:42 of 3rd period - Snap shot by Matt Delahey.
16:42 of 3rd period - Shot Misses the Net.
16:44 of 3rd period - Slapshot by Matt Delahey.
16:44 of 3rd period - Stopped by Brad Thiessen with a rebound.
16:46 of 3rd period - Slapshot by Jonas Brodin.
16:46 of 3rd period - Stopped by Brad Thiessen with a rebound.
16:48 of 3rd period - Slapshot by Matt Delahey.
16:48 of 3rd period - Stopped by Brad Thiessen with a rebound.
16:50 of 3rd period - Backhand shot by Alexander Wennberg.
16:50 of 3rd period - Stopped by Brad Thiessen without a rebound.
16:51 of 3rd period - Sebastian Wannstrom wins face-off versus Seth Griffith in Senators zone.
16:58 of 3rd period - Jonas Brodin is hit by Sebastian Wannstrom and loses puck.
17:31 of 3rd period - Matt Delahey is hit by Keegan Lowe and loses puck.
17:44 of 3rd period - Snap shot by Jonas Brodin.
17:44 of 3rd period - Stopped by Brad Thiessen without a rebound.
17:45 of 3rd period - Seth Griffith wins face-off versus Zemgus Girgensons in Senators zone.
17:46 of 3rd period - Snap shot by Maxime Sauvé.
17:46 of 3rd period - Shot Misses the Net.
18:24 of 3rd period - Off-side.
18:25 of 3rd period - Devante Smith-Pelly wins face-off versus Stephane Da Costa in neutral zone.
18:43 of 3rd period - Dylan Blujus is hit by Maxime Sauvé and loses puck.
Goals for this period are 2 for Senators vs 1 for Gangsters.
Shots for this period are 12 for Senators vs 13 for Gangsters.
Back to the Top